 Dungeon Crawl Stone Soup version 0.29-a0-1023-g6ae1a4a2c7 (webtiles) character file.

Game seed: 4266676016999662574

33244 Araneus the Basher (level 13, -4/108 HPs)
             Began as a Demonspawn Fighter on Aug 11, 2022.
             Was the Champion of Qazlal.
             Slain by a death yak (9 damage)
             ... on level 5 of the Lair of Beasts.
             The game lasted 00:48:25 (19939 turns).

Araneus the Basher (Demonspawn Fighter)            Turns: 19939, Time: 00:48:25

Health: -4/108     AC: 22    Str: 21    XL:     13   Next: 35%
Magic:  19/19      EV:  5    Int: 11    God:    Qazlal [******]
Gold:   1152       SH: 18    Dex: 14    Spells: 12/12 levels left

rFire   + . .      SeeInvis +   z - +3 flail (freeze)
rCold   . . .      Faith    .   m - +0 kite shield
rNeg    . . .      Spirit   .   a - +0 plate armour
rPois   .          Reflect  .   (no helmet)
rElec   .          Harm     .   t - +1 cloak
rCorr   .          Rampage  .   (no gloves)
Will    .....                   o - +2 pair of boots
Stlth   ..........              (no amulet)
HPRegen 0.28/turn               n - ring of see invisible
MPRegen 0.16/turn               l - ring of protection from fire

@: lethally poisoned (-4 -> -5), about to teleport, protected from physical
damage, repel missiles
A: claws 2, thin skeletal structure 1, powered by pain 1, spiny 1
a: Renounce Religion, Upheaval, Elemental Force, Disaster Area


You were on level 5 of the Lair of Beasts.
You worshipped Qazlal.
Qazlal was exalted by your worship.
You visited 3 branches of the dungeon, and saw 17 of its levels.
You also visited: Sewer and Ossuary.

You collected 1242 gold pieces.
You spent 90 gold pieces at shops.

Inventory:

Hand Weapons
 e - a +2 morningstar
 z - a +3 flail of freezing (weapon)
Missiles
 r - a throwing net (quivered)
Armour
 a - a +0 plate armour (worn)
 m - a +0 kite shield (worn)
 o - a +2 pair of boots (worn)
 t - a +1 cloak (worn)
Jewellery
 l - a ring of protection from fire (right claw)
 n - a ring of see invisible (left claw)
 y - a +4 ring of evasion
 E - a +6 ring of dexterity
Wands
 p - a wand of paralysis (15)
 x - a wand of mindburst (7)
Scrolls
 c - a scroll of magic mapping
 d - 2 scrolls of summoning
 u - a scroll of teleportation
 v - 2 scrolls of identify
 A - 3 scrolls of blinking
 B - a scroll of amnesia
 C - a scroll of butterflies
Potions
 b - 3 potions of heal wounds
 f - 2 potions of magic
 g - 2 potions of cancellation
 h - 4 potions of brilliance
 i - 3 potions of flight
 j - 5 potions of haste
 k - 8 potions of curing
 q - 2 potions of berserk rage
 s - 3 potions of attraction
 w - a potion of resistance


   Skills:
 + Level 12.0 Fighting
 + Level 14.1 Maces & Flails
 + Level 8.3 Armour
 + Level 7.9 Shields
 - Level 8.0 Invocations


You had 12 spell levels left.
You didn't know any spells.
Your spell library contained the following spells:

 Spells                   Type           Power      Damage    Failure   Level
 Beastly Appendage        Tmut           0%         N/A       100%        1
 Magic Dart               Conj           0%         1d3       100%        1
 Slow                     Hex            0%         N/A       100%        1
 Scorch                   Fire           0%         2d5       100%        2
 Searing Ray              Conj           0%         2d4       100%        2
 Static Discharge         Conj/Air       0%         3-3/arc   100%        2
 Wereblood                Tmut           0%         N/A       100%        2
 Confusing Touch          Hex            0%         N/A       100%        3
 Spider Form              Tmut/Pois      0%         N/A       100%        3
 Vampiric Draining        Necr           0%         2d6       100%        3
 Anguish                  Hex/Necr       0%         N/A       100%        4
 Flame Wave               Conj/Fire      0%         2d4       100%        4
 Fulminant Prism          Conj/Hex       0%         3d6       100%        4
 Hailstorm                Conj/Ice       0%         3d3       100%        4
 Ice Form                 Ice/Tmut       0%         N/A       100%        4
 Lightning Bolt           Conj/Air       0%         1d11      100%        5
 Simulacrum               Ice/Necr       0%         N/A       100%        6
 Summon Cactus Giant      Summ           0%         N/A       100%        6
 Enfeeble                 Hex            0%         N/A       100%        7
 Maxwell's Capacitive Co  Air            0%         ∞         100%        8


Dungeon Overview and Level Annotations

Branches:
Dungeon (11/15)            Temple (1/1) D:7            Lair (5/5) D:11
  Swamp (0/4) Lair:2        Snake (0/4) Lair:3        Sewer (visited)
Ossuary (visited)
  Slime: Lair:4-5       Orc: D:9-12

Altars:
Ashenzari
Cheibriados
Dithmenos
Fedhas
Gozag
Hepliaklqana
Kikubaaqudgha
Makhleb
Nemelex Xobeh
Okawaru
Qazlal
Ru
Sif Muna
Trog
Uskayaw
Vehumet
Wu Jian
Xom
Yredelemnul

Shops:
D:5 ?=!   D:8 :

Annotations:
D:10 1 runed translucent door, anet's ghost, journeyman HOCj
D:11 2 transporters, confidenceinterval's ghost, journeyman MiMo


Innate Abilities, Weirdness & Mutations

You have very sharp fingernails.
You have a somewhat thin skeletal structure. (Dex +2, Stealth+)
You sometimes gain a little power by taking damage.
You are partially covered in sharp spines.


Message History

You hit the death yak but do no damage.
The death yak is lightly wounded.
You feel sick. The death yak gores you!! You block the komodo dragon's attack.
Unknown command.
You are too injured to fight recklessly!
You are too injured to fight recklessly!
You are too injured to fight recklessly!
You feel sick. The death yak attacks as you move away!
The death yak gores you but does no damage.
You feel sick.
You hear a bellow!
The death yak is engulfed in blazing flames.
You hit the death yak but do no damage.
The death yak is moderately wounded.
You feel sick.
You hear a bellow!
The death yak is engulfed in freezing vapours.
You hit the death yak. You freeze the death yak.
The death yak is lightly wounded.
You block the death yak's attack. x2
The komodo dragon is struck by lightning.
The komodo dragon is struck by your spines.
The komodo dragon bites you!!
* * * LOW HITPOINT WARNING * * *
You feel protected from physical attacks.
A death yak comes into view.
As you read the scroll of teleportation, it crumbles to dust.
You feel strangely unstable.
You feel sick. The death yak gores you!
* * * LOW HITPOINT WARNING * * *
You feel more protected from physical attacks.
The death yak gores you but does no damage.
The komodo dragon is struck by lightning.
The komodo dragon bites you but does no damage.
The death yak attacks as you move away! You block the death yak's attack.
You feel sick.
The death yak is engulfed in blazing flames.
The death yak attacks as you move away! The death yak is struck by your spines.
The death yak gores you!
You die...

## ### #.# .. .#..# #### .#
..#..##..##.# .
#.....§..##○.### ..
#..PP...@Y....P#... ...P##
##.P.##..Yl§○....... .....#
#...# ##.#YY........
.....###...######......P...
.....##..#.#.###.......#...
[.....................P..#
.....#..................##
.....##..#.#.....PP......#
.....##...##.....Y.......#


You could see 4 death yaks and a komodo dragon.

Vanquished Creatures
  2 boulder beetles
  4 hydras
  2 death yaks (Lair:4)
  A bog body (Lair:2)
  A lindwurm (Lair:5)
  A deep elf pyromancer (D:11)
  2 cyclopes
  An ice statue (D:11)
  4 elephants (Lair:3)
  4 black mambas
  6 komodo dragons
  A kobold demonologist (D:11)
  7 cane toads
  2 rime drakes
  A troll (D:9)
  3 polar bears
  6 blink frogs (Lair:4)
  Prince Ribbit (D:5)
  2 wraiths (D:10)
  2 wyverns
  43 yaks
  Eustachio (D:5)
  A steam dragon (D:9)
  3 basilisks
  A naga (Lair:3)
  18 water moccasins
  An ice beast (D:5)
  4 orc warriors
  A black bear (D:6)
  31 wolves
  2 centaurs (D:8)
  3 phantoms
  10 kobold brigands
  4 gnoll sergeants
  A water moccasin zombie (D:4)
  13 bullfrogs
  A necrophage (D:4)
  6 wights
  A water moccasin skeleton (D:4)
  6 killer bees (D:10)
  4 howler monkeys
  2 electric eels
  A jelly (D:7)
  5 orc priests
  4 hounds
  2 bullfrog zombies (D:4)
  A bullfrog skeleton (D:4)
  2 gnoll boudas
  4 iguanas
  7 orc wizards
  4 scorpion zombies (D:4)
  A hell rat (Lair:5)
  2 hound zombies (D:4)
  3 mummies (Ossuary)
  32 gnolls
  9 adders
  2 river rats (Sewer)
  2 shadow imps (D:6)
  A white imp (D:4)
  3 ufetubi
  An adder skeleton (D:4)
  4 adder zombies
  A worm (D:3)
  2 dart slugs
  49 orcs
  9 bats
  7 endoplasms
  6 giant cockroaches
  A gnoll zombie (Ossuary)
  8 goblins
  7 hobgoblins
  2 jackals (D:3)
  10 quokkas
  8 ball pythons
  3 frilled lizards
  3 goblin zombies (Ossuary)
  A hobgoblin zombie (Ossuary)
  A jackal zombie (D:4)
  22 kobolds
  6 kobold zombies (Ossuary)
  A quokka skeleton (D:4)
  2 quokka zombies (Ossuary)
  9 rats
  3 rat zombies (Ossuary)
461 creatures vanquished.

Vanquished Creatures (others)
  12 fungi
  15 plants
  2 withered plants (D:4)
29 creatures vanquished.

Grand Total: 490 creatures vanquished

Notes
Turn   | Place    | Note
-------+----------+-------------------------------------------
     0 | D:1      | Araneus the Demonspawn Fighter began the quest for the Orb.
     0 | D:1      | Reached XP level 1. HP: 18/18 MP: 1/1
   156 | D:1      | Reached skill level 2 in Maces & Flails
   271 | D:1      | Gained mutation: You are partially covered in sharp spines.
                  | [demonic ancestry]
   271 | D:1      | Reached XP level 2. HP: 20/24 MP: 2/2
  1143 | D:1      | Gained mutation: You have sharp fingernails. [demonic
                  | ancestry]
  1143 | D:1      | Reached XP level 3. HP: 29/29 MP: 3/3
  1962 | D:3      | Reached skill level 3 in Maces & Flails
  2010 | D:3      | Reached XP level 4. HP: 31/35 MP: 4/4
  2451 | D:3      | Reached XP level 5. HP: 41/41 MP: 5/5
  2456 | D:3      | Reached skill level 4 in Maces & Flails
  2742 | D:4      | Noticed a phantom
  2742 | D:4      | Noticed a phantom
  3174 | D:4      | Reached skill level 5 in Maces & Flails
  3174 | D:4      | Reached XP level 6. HP: 33/47 MP: 6/6
  3357 | D:4      | Reached skill level 6 in Maces & Flails
  3817 | D:4      | Found a shadowy altar of Dithmenos.
  3825 | D:4      | Gained mutation: You sometimes gain a little power by
                  | taking damage. [demonic ancestry]
  3825 | D:4      | Reached XP level 7. HP: 52/52 MP: 7/7
  4068 | D:4      | Reached skill level 7 in Maces & Flails
  4314 | D:4      | Found a stormy altar of Qazlal.
  4349 | D:4      | Found a hide-covered altar of Uskayaw.
  4371 | D:4      | Became a worshipper of Qazlal Stormbringer
  4536 | D:5      | Entered Level 5 of the Dungeon
  4557 | D:5      | Found a broken altar of Ashenzari.
  4559 | D:5      | Found a snail-covered altar of Cheibriados.
  4566 | D:5      | Found Loxookh's Distillery.
  4574 | D:5      | Bought a potion of might for 40 gold pieces
  4574 | D:5      | Bought a potion of heal wounds for 50 gold pieces
  4576 | D:5      | Noticed Eustachio
  4587 | D:5      | Killed Eustachio
  4647 | D:5      | Found a glowing drain.
  4666 | D:5      | Reached skill level 8 in Maces & Flails
  4666 | D:5      | Reached XP level 8. HP: 59/59 MP: 8/8
  4667 | Sewer    | Entered a sewer
  4927 | Sewer    | Reached * piety under Qazlal
  5062 | D:5      | Found Udoeschocs's Magic Scroll Shop.
  5128 | D:5      | Noticed Prince Ribbit
  5141 | D:5      | Killed Prince Ribbit
  5142 | D:5      | Reached skill level 9 in Maces & Flails
  5290 | D:5      | Found Waufrari's Jewellery Shop.
  5308 | D:5      | Found a radiant altar of Vehumet.
  5707 | D:6      | Reached skill level 5 in Fighting
  5788 | D:6      | Reached XP level 9. HP: 44/68 MP: 9/9
  5807 | D:6      | Found a sand-covered staircase.
  5905 | Ossuary  | Entered an ossuary
  6187 | Ossuary  | Reached ** piety under Qazlal
  6436 | D:6      | Reached skill level 10 in Maces & Flails
  6647 | D:6      | Noticed a cyclops
  6658 | D:6      | Killed a cyclops
  7180 | D:7      | Identified the +2 robe of Dimuj {+Inv rC++ Regen+ Int-4}
  7866 | D:7      | Found a staircase to the Ecumenical Temple.
  7978 | Temple   | Entered the Ecumenical Temple
  8055 | D:8      | Reached skill level 1 in Invocations
  8069 | D:8      | Reached *** piety under Qazlal
  8659 | D:8      | Reached skill level 11 in Maces & Flails
  8736 | D:8      | Gained mutation: You have a somewhat thin skeletal
                  | structure. (Dex +2, Stealth+) [demonic ancestry]
  8736 | D:8      | Reached XP level 10. HP: 79/79 MP: 10/12
  9116 | D:8      | Found a shimmering blue altar of Sif Muna.
  9329 | D:8      | Found Midiel's Book Shop.
  9667 | D:9      | Reached **** piety under Qazlal
 10841 | D:10     | Entered Level 10 of the Dungeon
 10881 | D:10     | Found a runed translucent door.
 10881 | D:10     | Noticed anet's ghost (journeyman HOCj)
 11026 | D:10     | Noticed a cyclops
 11034 | D:10     | Killed a cyclops
 11048 | D:10     | Reached skill level 5 in Invocations
 11164 | D:10     | Reached skill level 12 in Maces & Flails
 11535 | D:10     | Found an ornate altar of the Wu Jian Council.
 12408 | D:11     | Noticed a deep elf pyromancer
 12412 | D:11     | Killed a deep elf pyromancer
 12413 | D:11     | Reached XP level 11. HP: 89/89 MP: 15/15
 12525 | D:11     | Identified the +2 robe "Pirchugios" {Dex+4}
 12559 | D:11     | Found a staircase to the Lair.
 12604 | D:11     | Found a transporter.
 12607 | D:11     | Noticed confidenceinterval's ghost (journeyman MiMo)
 12608 | D:11     | Found a transporter.
 12638 | D:11     | Reached ***** piety under Qazlal
 12697 | D:11     | Noticed a harpy
 12971 | D:11     | Noticed a sun demon
 13397 | D:11     | Reached skill level 5 in Armour
 13497 | Lair:1   | Entered Level 1 of the Lair of Beasts
 13779 | Lair:1   | Reached skill level 10 in Fighting
 14020 | Lair:1   | Noticed a six-headed hydra
 14031 | Lair:1   | Killed a six-headed hydra
 14998 | Lair:2   | Noticed a bog body
 14999 | Lair:2   | Found a staircase to the Swamp.
 15007 | Lair:2   | Killed a bog body
 15008 | Lair:2   | Reached skill level 13 in Maces & Flails
 15298 | Lair:2   | Reached XP level 12. HP: 90/99 MP: 17/17
 15493 | Lair:2   | Found the +8 whip "Snakebite" {venom, curare, rPois}
 15854 | Lair:3   | Found a staircase to the Snake Pit.
 15864 | Lair:3   | Noticed a boulder beetle
 15889 | Lair:3   | Killed a boulder beetle
 16334 | Lair:3   | Reached skill level 5 in Shields
 17649 | Lair:4   | Reached ****** piety under Qazlal
 17858 | Lair:4   | Noticed an eight-headed hydra
 17868 | Lair:4   | Killed an eight-headed hydra
 18087 | Lair:4   | Gained mutation: You have very sharp fingernails. [demonic
                  | ancestry]
 18087 | Lair:4   | Reached XP level 13. HP: 82/107 MP: 19/19
 18932 | Lair:5   | Entered Level 5 of the Lair of Beasts
 18957 | Lair:4   | Reached skill level 14 in Maces & Flails
 18964 | Lair:4   | HP: 5/107 [poisoned by a cane toad]
 19938 | Lair:5   | HP: 5/108 [poisoned by a cane toad]
 19939 | Lair:5   | Slain by a death yak

Illustrated notes

Levels and vault maps discovered:
D:1:      shiori_arrival_maze, layout_basic
D:2:      layout_basic
D:3:      layout_rooms
D:4:      layout_loops_ring, nicolae_uskayaw_suspiria,
          mainiacjoe_overflow_alcove_1,
          mainiacjoe_overflow_concentric_impassable, serial_undead,
          serial_undead_c, serial_undead_a, serial_undead_f, serial_undead_b,
          serial_undead_f, serial_undead_a, kennysheep_generic_room_9
D:5:      layout_loops_ring, elyvilon_altar_3, nicolae_vehumet_altar_sigil,
          grunt_temple_overflow_open, gup_sewer_entry_pipe, serial_shops,
          shop_scrolls, shop, shop, uniq_prince_ribbit1, uniq_eustachio
D:6:      layout_loops_ring, nicolae_ossuary_entry_false_entrances,
          hangedman_decor_slide_cut, minmay_misc_feat_ornament, minmay_puff
D:7:      layout_basic, minmay_temple_entry_poolview
D:8:      layout_loops_corners, kennysheep_orc_sif_temple, serial_shops,
          kennysheep_mini, special_room [special_room_orc], chequers_jeans
D:9:      layout_loops_corners
D:10:     layout_basic, marbit_many_paths, hellmonk_ghost_happy_afterlife,
          enter_bailey_6
D:11:     lemuel_ice_statue, layout_irregular_city, lair_entry_dummy,
          gammafunk_ghost_arena, blue_anna_alchemist
Temple:   nicolae_temple_god_jail
Lair:1:   layout_gridlike, infiniplex_staircase_pool
Lair:2:   minmay_guarded_unrand_snakebite, layout_loops_ring,
          skrybe_swamp_entry_bodies
Lair:3:   layout_gridlike, guppyfry_snake_entry_garden,
          grunt_forest_large_clearings, lemuel_fruit_tree
Lair:4:   layout_gridlike, grunt_megastairs_2
Lair:5:   wormcave, layout_layer_cave, hangedman_lair_in_review,
          minmay_slime_entry_oklob_enclosed, gammafunk_ghost_hive

Skill      XL: |  1  2  3  4  5  6  7  8  9 10 11 12 13 |
---------------+----------------------------------------+-----
Maces & Flails | 2 3 5 6 8 9 11 12 13 14 | 14.1
Shields        | 3 4 7 |  7.9
Fighting       | 5 7 9 10 11 12 | 12.0
Invocations    | 2 5 7 8 |  8.0
Armour         | 3 4 6 7 8 |  8.3

Action                   |  1- 3 |  4- 6 |  7- 9 | 10-12 | 13-15 || total
-------------------------+-------+-------+-------+-------+-------++-------
Melee: Flail             |    87 |   120 |   361 |   664 |   124 ||  1356
  Use: Scroll            |       |     8 |    10 |    15 |     1 ||    34
       Potion            |       |     1 |     3 |     9 |     1 ||    14
 Stab: Invisible         |       |       |       |     9 |       ||     9
Armor: Scale mail        |    36 |    10 |       |       |       ||    46
       Chain mail        |       |    58 |   161 |       |       ||   219
       Plate armour      |       |       |     8 |   337 |    47 ||   392
Dodge: Dodged            |    22 |    53 |   106 |   116 |    16 ||   313
       Repelled          |       |       |       |     1 |       ||     1
Block: Buckler           |    23 |    34 |   136 |   107 |       ||   300
       Kite shield       |       |       |       |   383 |   109 ||   492

Table legend: (Time is in decaauts)
 A = Elapsed time spent in this place.
 B = Non-inter-level travel time spent in this place.
 C = Inter-level travel time spent in this place.
 D = Time resting spent in this place.
 E = Time spent auto-exploring this place.
 F = Levels seen in this place.
 G = Mean time per level.
                   A        B        C        D        E       F      G
               +--------+--------+--------+--------+--------+-----+--------+
         Total |  20011 |  19301 |    710 |   2062 |  14121 |  19 | 1053.2 |
       Dungeon |  12766 |  12205 |    561 |    463 |   9689 |  11 | 1160.5 |
        Temple |     53 |     40 |     13 |      0 |     29 |   1 |   53.0 |
          Lair |   6410 |   6274 |    136 |   1382 |   4076 |   5 | 1282.0 |
         Sewer |    426 |    426 |      0 |      0 |    263 |   1 |  426.0 |
       Ossuary |    354 |    354 |      0 |    217 |     63 |   1 |  354.0 |
               +--------+--------+--------+--------+--------+-----+--------+

Top non-repeatable levels by time:
  Lair:4: 2030 daAuts
  Lair:3: 1718 daAuts
    D:10: 1569 daAuts
     D:8: 1514 daAuts
     D:4: 1512 daAuts
     D:1: 1436 daAuts
  Lair:1: 1403 daAuts
     D:9: 1268 daAuts
     D:3: 1099 daAuts
    D:11: 1075 daAuts
     D:6: 1051 daAuts
  Lair:2: 959 daAuts
     D:7: 892 daAuts
     D:5: 801 daAuts
     D:2: 545 daAuts
